Map: Coda LE (Void)

Players

IIIIIIIIIIII

  • Race: Zerg Zerg

Cereal - Winner!

  • Race: Zerg Zerg

VOD

Have the link to the VOD?

Description

Time

  • Played on: May 1, 2015, 6:17 a.m.
  • Length: 11:57
Show
View Real Time Build Order
Export as new Build Order

IIIIIIIIIIII Zerg 

Build Orders: Pool First 

Get SALT Encoding   

  12  0:01  Drone  
  13  0:11  Drone  
  14  0:29  Spawning Pool  
  14  0:34  Drone  
  14  0:40  Extractor x2  
  14  0:42  Drone x2  
  16  0:57  Overlord  
  16  1:13  Hatchery  
  15  1:22  Queen  
  17  1:25  Extractor  
  17  1:28  Drone  
  17  1:33  Drone  
  17  1:37  Zergling x2  
  19  1:51  Drone x2  
  21  2:06  Overlord  
  21  2:07  Extractor, Queen  
  23  2:26  Drone x3  
  26  2:31  Drone x4  
  30  2:39  Overlord  
  30  2:53  Drone x3  
  30  2:58  Extractor  
  32  2:59  Drone x2  
  34  3:09  Roach Warren  
  34  3:11  Drone x3  
  36  3:23  Drone x5  
  41  3:29  Zergling x2  
  41  3:32  Lair  
  42  3:43  Burrow  
  42  3:52  Roach  
  42  3:54  Overlord  
  44  4:01  Extractor  
  43  4:12  Overlord  
  43  4:13  Hatchery, Overlord  
  43  4:14  Drone x2  
  43  4:15  Drone x2  
  43  4:16  Extractor  
  45  4:17  Drone x2  
  45  4:18  Drone  
  45  4:19  Drone  
  45  4:20  Drone  
  45  4:23  Drone  
  51  4:32  Ravager  
  51  4:33  Glial Reconstitution  
  51  4:36  Roach x2  
  56  4:43  Roach x2  
  56  4:44  Roach  
  62  4:56  Drone  
  62  4:57  Overlord  
  62  4:58  Ravager  
  62  4:59  Roach x2  
  68  5:01  Overlord x2  
  68  5:19  Evolution Chamber  
  64  5:32  Evolution Chamber, Roach x4  
  64  5:33  Roach x4  
  71  5:52  Roach x2  
  71  5:53  Roach x4  
  75  5:59  Zerg Missile Weapons Level 1  
  75  6:15  Drone x2  
  75  6:16  Drone x2  
  79  6:21  Ravager x5  
  79  6:25  Drone x2  
  83  6:55  Roach  
  83  6:56  Roach x3  
  85  7:02  Roach  
  85  7:03  Roach  
  83  7:13  Hatchery, Roach x2  
  84  7:18  Roach  
  72  7:26  Ravager  
  72  7:27  Ravager  
  72  7:28  Ravager x2  
  72  7:29  Ravager x2  
  70  7:31  Queen x2  
  70  7:35  Drone  
  70  7:36  Spore Crawler  
  74  7:42  Spore Crawler  
  74  7:43  Ravager  
  74  7:45  Roach x3  
  74  8:07  Queen x2  
  74  8:08  Roach x5  
  85  8:25  Roach x3  
  83  8:36  Zerg Missile Weapons Level 2  
  83  8:38  Spore Crawler  
  83  8:39  Spore Crawler  
  83  8:40  Ravager x3  
  84  8:42  Queen  
  84  8:43  Queen  
  88  8:53  Ravager  
  88  8:54  Roach  
  91  8:55  Overlord  
  91  8:56  Overlord x3  
  91  9:05  Overlord x3  
  91  9:18  Queen x2  
  95  9:34  Hatchery  
  94  9:54  Queen x2  
  99  10:07  Hatchery  
  99  10:11  Roach  
  99  10:12  Roach x8  
  116  10:14  Ravager x2  
  116  10:15  Ravager  
  116  10:17  Ravager  
  116  10:18  Ravager x2  
  116  10:20  Ravager  
  123  10:24  Overlord  
  123  10:29  Queen  
  123  10:31  Overlord  
  123  10:32  Overlord  
  107  10:53  Roach x6  
  93  11:13  Roach x3  
  93  11:14  Roach x2  
  82  11:36  Roach  
  82  11:37  Roach  
Show
View Real Time Build Order
Export as new Build Order

Cereal Zerg - Winner!

Build Orders: Hatch First 

Get SALT Encoding   

  12  0:01  Drone  
  13  0:31  Hatchery  
  12  0:53  Overlord, Drone  
  12  0:54  Drone  
  14  1:11  Drone  
  15  1:19  Drone, Spawning Pool, Extractor  
  14  1:29  Drone  
  15  1:39  Drone  
  16  1:44  Drone  
  17  1:48  Drone  
  17  1:54  Drone  
  19  2:06  Queen  
  19  2:07  Queen  
  23  2:10  Overlord  
  23  2:14  Drone  
  24  2:23  Metabolic Boost  
  24  2:26  Drone  
  24  2:27  Drone  
  26  2:30  Drone  
  26  2:36  Drone x2  
  29  2:48  Baneling Nest  
  29  2:50  Zergling x2  
  29  2:51  Zergling x2  
  29  2:56  Drone x2  
  32  2:59  Overlord  
  32  3:02  Drone  
  33  3:09  Drone  
  34  3:15  Drone x2  
  34  3:19  Drone x4  
  40  3:23  Overlord  
  40  3:30  Lair  
  40  3:38  Drone x3, Extractor  
  40  3:39  Drone  
  42  3:51  Drone x6  
  42  3:53  Extractor  
  42  3:54  Extractor  
  42  3:55  Baneling x2  
  46  4:00  Drone x2  
  46  4:01  Drone  
  46  4:02  Drone  
  50  4:05  Overlord  
  50  4:14  Zergling x4  
  52  4:24  Zergling x2  
  52  4:25  Zergling x12  
  52  4:28  Overlord  
  59  4:32  Spire  
  59  4:37  Overlord  
  58  4:49  Drone  
  58  4:50  Zergling x4  
  61  4:54  Zergling x4  
  61  4:57  Baneling  
  61  4:58  Baneling  
  61  4:59  Hatchery  
  62  5:06  Zergling x12  
  68  5:15  Zergling x8  
  69  5:33  Baneling  
  66  5:37  Zergling x2  
  66  5:38  Zergling x12  
  71  5:46  Mutalisk  
  70  5:50  Zerg Flyer Weapons Level 1  
  70  5:52  Drone x2, Roach Warren  
  70  5:54  Evolution Chamber  
  64  6:01  Mutalisk  
  60  6:05  Mutalisk  
  60  6:06  Mutalisk x4  
  60  6:09  Mutalisk x2  
  74  6:13  Drone x2  
  74  6:18  Queen  
  76  6:25  Zerg Missile Weapons Level 1  
  78  6:29  Drone x2  
  78  6:30  Drone x2  
  82  6:34  Overlord  
  82  6:35  Overlord  
  82  6:45  Overlord x2  
  82  6:56  Overlord x2  
  82  7:01  Roach x4  
  90  7:06  Roach x4  
  98  7:17  Roach x5  
  105  7:22  Roach  
  105  7:23  Roach x2  
  105  7:28  Ravager  
  105  7:29  Ravager x4  
  114  7:31  Drone x4  
  118  7:39  Drone x3  
  118  7:43  Overlord x3  
  121  7:48  Zerg Flyer Weapons Level 2  
  121  7:54  Drone  
  122  8:07  Drone x5  
  122  8:08  Drone x8  
  122  8:09  Extractor  
  122  8:10  Extractor  
  133  8:37  Roach x6  
  133  8:39  Hatchery  
  133  8:41  Ravager x2  
  146  8:43  Overlord  
  146  8:44  Overlord x2  
  146  8:49  Hatchery  
  145  9:06  Roach x11  
  145  9:07  Roach  
  165  9:18  Roach x2  
  165  9:19  Overlord x2  
  165  9:20  Overlord x2  
  165  9:24  Zerg Missile Weapons Level 2  
  169  9:30  Glial Reconstitution  
  169  9:35  Overlord  
  169  9:45  Roach  
  171  9:46  Roach x7  
  171  9:48  Ravager  
  171  9:49  Ravager x8  
  171  9:50  Ravager  
  195  9:56  Ravager  
  195  9:59  Ravager  
  195  10:09  Drone x3  
  198  10:16  Baneling x3  
  198  10:18  Baneling  
  198  10:22  Ravager x2  
  200  10:31  Infestation Pit  
  200  10:33  Evolution Chamber  
  165  10:54  Roach  
  165  10:55  Roach x15  
  187  11:10  Swarm Host  
  187  11:11  Roach x7  
  195  11:12  Overlord x2  
  195  11:13  Overlord x2  
  191  11:23  Roach x4  
  193  11:48  Ravager x4  
  189  11:55  Extractor  
  186  11:56  Extractor  
Tags
 
Add a new tag
Caveats
  • Supply blocks, unpowered buildings, or Contaminate may cause inaccurate times.
  • Supply counts are checked every 10 seconds.